 Dungeon Crawl Stone Soup version 0.16-a0-4097-gb4d75fa (console) character file.

2633 MrRokkomies the Martial Artist (level 9, -3/64 HPs)
             Began as an Octopode Transmuter on Feb 24, 2015.
             Was an Initiate of Okawaru.
             Shot with an arrow of flame by a centaur (4 damage)
             ... on level 8 of the Dungeon on Feb 25, 2015.
             The game lasted 00:55:53 (8761 turns).

MrRokkomies the Martial Artist (OpTm)               Turns: 8761, Time: 00:55:53

Health: -3/64      AC:  2    Str: 10    XL:     9   Next: 61%
Magic:  9/14       EV: 19    Int: 20    God:    Okawaru [......]
Gold:   414        SH:  0    Dex: 17    Spells: 5 memorised, 4 levels left

rFire  . . .     SeeInvis .       - Unarmed
rCold  . . .     Clarity  .     (shield currently unavailable)
rNeg   . . .     SustAb   .     (helmet currently unavailable)
rPois  x         Gourm    .     (no amulet)
rElec  .         Spirit   .     e - +2 ring of intelligence
rCorr  .         Warding  .     (no ring)
rMut   .         Stasis   .     (no ring)
MR     .....                    (no ring)
Stlth  ++++......               (no ring)
                                (no ring)
                                (no ring)
                                (no ring)

@: spider-form, very slightly contaminated, not resistant to hostile
enchantments, stealthy
A: almost no armour, amphibious, 8 rings, (constrict 8), (camouflage 0),
(gelatinous body 0)
a: End Transformation, Renounce Religion


You were on level 8 of the Dungeon.
You worshipped Okawaru.
Okawaru was noncommittal.
You were hungry.
You were a venomous arachnid creature.
You visited 2 branches of the dungeon, and saw 9 of its levels.

You collected 414 gold pieces.

Inventory:

Hand weapons
 H - a +0 blowgun
Missiles
 b - 26 arrows
 i - 4 poisoned javelins
 k - 8 poisoned needles
 m - 15 stones (quivered)
 B - a throwing net
 G - 7 curare-tipped needles
Jewellery
 e - a +2 ring of intelligence (left front leg)
Magical devices
 j - a wand of magic darts (28)
 o - a wand of digging (9)
 p - a wand of magic darts (11)
 F - a wand of lightning (8)
Scrolls
 g - 4 scrolls of teleportation
 l - a scroll of recharging
 t - 4 scrolls of remove curse
 y - a scroll of enchant armour
Potions
 f - a potion of agility
 r - a potion of restore abilities
 s - a potion of might
 u - a potion of flight
 v - a potion of cancellation {unknown}
 w - 3 potions of curing {unknown}
 z - a potion of heal wounds
 I - a potion of brilliance {unknown}
Books
 d - a book of Changes

   Spells                             Type                      Level
   a - Beastly Appendage              Transmutation                1
   b - Sticks to Snakes               Transmutation                2
   c - Spider Form                    Transmutation/Poison         3
   d - Ice Form                       Ice/Transmutation            4
   e - Blade Hands                    Transmutation                5
 C - Sif Muna's Catalogue of Summoning
   (You found it on level 6 of the Dungeon)

   Spells                             Type                      Level
   a - Summon Butterflies             Summoning                    1
 D - Vehumet's Almanac of Conjuration
   (You found it on level 6 of the Dungeon)

   Spells                             Type                      Level
   a - Magic Dart                     Conjuration                  1
Comestibles
 a - 7 bread rations
 c - 3 meat rations
 h - a chunk of flesh
 n - 3 fruits
 x - 2 slices of pizza
 A - 7 beef jerkies


   Skills:
 * Level 7.6 Fighting
 - Level 2.0 Dodging
 - Level 5.0 Stealth
 * Level 9.8 Unarmed Combat
 - Level 2.0 Spellcasting
 - Level 2.0 Transmutations
 - Level 2.3 Poison Magic


You had 4 spell levels left.
You knew the following spells:

 Your Spells              Type           Power        Failure   Level  Hunger
a - Beastly Appendage     Trmt           ##....       24%         1    #......
b - Sticks to Snakes      Trmt           ##........   28%         2    ##.....
c - Spider Form           Trmt/Pois      ##........   41%         3    ###....
d - Summon Butterflies    Summ           #.......     36%         1    #......
e - Magic Dart            Conj           #...         36%         1    #......


Dungeon Overview and Level Annotations

Branches:
Dungeon (8/15)             Temple (1/1) D:7
   Lair: D:8-11

Altars:
Ashenzari
Cheibriados
Dithmenos
Elyvilon
Fedhas
Gozag
Kikubaaqudgha
Makhleb
Nemelex Xobeh
Okawaru
Qazlal
Ru
Sif Muna
Trog
Vehumet
Xom
Yredelemnul
Zin
The Shining One

Shops:
D:8 *

Annotations:
D:2 1 runed door
D:4 Uberwunderbarhen's ghost, average DEFE


Innate Abilities, Weirdness & Mutations

You cannot wear most types of armour.
You are amphibious.
You can wear up to eight rings at the same time.
((You can use your tentacles to constrict many enemies at once.))
((Your skin changes colour to match your surroundings (Stealth).))
((Your rubbery body absorbs attacks (AC +1).))


Message History

Press: ? - help, Dir - move target cursor
As you read the scroll of blinking, it crumbles to dust.
A rat comes into view.
The orc wizard casts a spell.
The orc wizard blinks!
The orc throws a tomahawk.
The tomahawk hits you.
The orc wizard gestures at you while chanting.
The magic dart hits you!
* * * LOW HITPOINT WARNING * * *
The rat bites your butterfly.
Your butterfly dies!
The orc throws a tomahawk.
The tomahawk completely misses your butterfly.
The tomahawk hits you.
* * * LOW HITPOINT WARNING * * *
A centaur opens the door.
You see here a tomahawk.
The centaur shoots an arrow of flame.
The arrow of flame hits you!
* * * LOW HITPOINT WARNING * * *
The arrow of flame burns you.
You die...

### # ###.####.###..# ###
##((.O.oc......# #.#
#c##.#.#...P...# ...
#O#c##....≈≈... . #..
+\'r.....≈≈≈≈.. .. #.#
#'#o..P≈≈≈≈≈≈P.
#.###.boP.≈≈≈≈≈≈≈.
#.##.(....≈≈≈≈≈≈≈
#..#########.##(.b...≈≈≈≈≈≈
. #.............s..o..PP≈≈
.###.####[#######....#...≈
.# ###.#####.....###... .#
. #....P..#.##...# #. .#
#.##.#..P....##..... .#
#.##..P.≈≈...#####.# .#
#.....P≈≈≈≈..## .
.###....P.≈≈≈≈P..#
......≈≈.P.≈≈≈≈P.#
.##..≈≈≈≈P.≈≈≈≈.P#
.##.P≈≈≈≈≈P.≈≈...#


You could see a centaur, an orc wizard, 2 orcs and a rat.

Vanquished Creatures
  An ice beast (D:6)
  2 sky beasts
  A black bear (D:7)
  A wasp (D:8)
  6 ogres
  Sigmund (D:7)
  The ghost of hornqvist the Sneak, an average SpAs (D:3)
  4 giant frogs
  3 killer bees (D:8)
  An electric eel (D:8)
  2 goliath beetles
  3 crimson imps
  2 centaur zombies
  3 orc priests
  A centaur skeleton (D:4)
  4 iguanas
  4 orc wizards
  4 hounds
  Natasha (thrice) (D:5)
  4 worker ants
  2 gnolls (D:2)
  11 adders
  A giant mite (D:6)
  A shadow imp (D:5)
  A worm (D:3)
  An adder skeleton (D:4)
  5 giant geckos
  An ooze (D:2)
  22 orcs
  A bat skeleton (D:4)
  A bat zombie (D:7)
  2 giant cockroaches
  12 goblins
  10 hobgoblins
  3 jackals (D:6)
  14 kobolds
  3 quokkas
  2 ball pythons (D:4)
  13 bats
  A giant gecko skeleton (D:6)
  4 giant newts
  A jackal zombie (D:5)
  A kobold zombie (D:2)
  A quokka zombie (D:6)
  9 rats
174 creatures vanquished.

Vanquished Creatures (collateral kills)
  A goblin (D:3)
1 creature vanquished.

Vanquished Creatures (others)
  A human (D:3)
  3 butterflies (D:8)
4 creatures vanquished.

Grand Total: 179 creatures vanquished

Notes
Turn   | Place    | Note
--------------------------------------------------------------
     0 | D:1      | MrRokkomies, the Octopode Transmuter, began the quest for the Orb.
     0 | D:1      | Reached XP level 1. HP: 13/13 MP: 3/3
   112 | D:1      | Reached skill level 1 in Stealth
   207 | D:1      | Reached XP level 2. HP: 9/18 MP: 4/4
   227 | D:1      | Learned a level 2 spell: Sticks to Snakes
   803 | D:2      | Found a runed door.
   803 | D:2      | Noticed a human
   805 | D:2      | Found a basalt altar of Yredelemnul.
   858 | D:2      | Reached XP level 3. HP: 20/23 MP: 4/6
   948 | D:2      | Reached skill level 4 in Unarmed Combat
   983 | D:2      | Learned a level 3 spell: Spider Form
  1055 | D:2      | Reached XP level 4. HP: 8/28 MP: 1/7
  1807 | D:3      | Found an ancient bone altar of Kikubaaqudgha.
  1808 | D:3      | Noticed a human
  1811 | D:3      | Killed a human
  1848 | D:3      | Noticed hornqvist's ghost (average SpAs)
  2337 | D:3      | HP: 1/28 [goblin/dagger (3)]
  2553 | D:4      | Reached XP level 5. HP: 16/33 MP: 1/9
  2567 | D:4      | Reached skill level 5 in Unarmed Combat
  2949 | D:4      | Noticed an ogre
  2984 | D:4      | Killed an ogre
  2984 | D:4      | Reached skill level 5 in Stealth
  2984 | D:4      | Reached XP level 6. HP: 38/38 MP: 10/10
  3136 | D:4      | Noticed Uberwunderbarhen's ghost (average DEFE)
  3263 | D:4      | Reached skill level 1 in Poison Magic
  3473 | D:4      | Reached skill level 6 in Unarmed Combat
  3549 | D:4      | Found a white marble altar of Elyvilon.
  3765 | D:3      | Killed hornqvist's ghost
  3765 | D:3      | Reached XP level 7. HP: 22/43 MP: 9/12
  3805 | D:5      | Entered Level 5 of the Dungeon
  4111 | D:5      | Noticed Natasha
  4123 | D:5      | Killed Natasha
  4309 | D:5      | Noticed Natasha
  4336 | D:5      | Killed Natasha
  4384 | D:5      | Noticed Natasha
  4385 | D:5      | Killed Natasha
  4694 | D:5      | Upgraded the game from 0.16-a0-4092-gb8933cd to 0.16-a0-4097-gb4d75fa
  4714 | D:5      | Reached skill level 7 in Unarmed Combat
  4752 | D:5      | HP: 2/45 [phantom (7)]
  5469 | D:5      | Reached XP level 8. HP: 50/52 MP: 13/13
  5918 | D:6      | Reached skill level 8 in Unarmed Combat
  6127 | D:6      | Reached skill level 5 in Fighting
  6803 | D:6      | Reached XP level 9. HP: 25/62 MP: 11/14
  6977 | D:6      | Reached skill level 9 in Unarmed Combat
  7152 | D:6      | Found a deep blue altar of Sif Muna.
  7156 | D:6      | Identified Sif Muna's Catalogue of Summoning
  7161 | D:6      | Found a radiant altar of Vehumet.
  7165 | D:6      | Identified Vehumet's Almanac of Conjuration
  7169 | D:6      | Found an ancient bone altar of Kikubaaqudgha.
  7173 | D:6      | Identified Kikubaaqudgha's Grimoire of Evil Rituals
  7176 | D:6      | Learned a level 1 spell: Summon Butterflies
  7178 | D:6      | Learned a level 1 spell: Magic Dart
  7358 | D:7      | Found a staircase to the Ecumenical Temple.
  7368 | Temple   | Entered the Ecumenical Temple
  7992 | D:7      | Noticed Sigmund
  8008 | D:7      | Killed Sigmund
  8148 | D:7      | Found a basalt altar of Yredelemnul.
  8152 | D:7      | Found an iron altar of Okawaru.
  8155 | D:7      | Found a sparkling altar of Nemelex Xobeh.
  8165 | D:7      | Became a worshipper of Warmaster Okawaru
  8727 | D:8      | Found Kulat Nuu's Assorted Antiques.
  8761 | D:8      | HP: 1/64 [centaur/arrow of flame (12)]
  8761 | D:8      | Shot with an arrow of flame by a centaur

Action                   |  1- 3 |  4- 6 |  7- 9 || total
-------------------------+-------+-------+-------++-------
Melee: Unarmed           |    55 |   177 |   243 ||   475
 Fire: Blowgun           |       |       |     8 ||     8
Throw: Javelin           |       |     2 |    33 ||    35
       Stone             |       |       |     1 ||     1
 Cast: Beastly Appendage |     7 |    10 |     5 ||    22
       Sticks to Snakes  |     4 |     5 |       ||     9
       Spider Form       |       |     6 |    14 ||    20
       Magic Dart        |       |       |     3 ||     3
       Summon Butterflie |       |       |     1 ||     1
Evoke: Wand              |       |       |     7 ||     7
  Use: Scroll            |     3 |     5 |    15 ||    23
       Potion            |       |     3 |     5 ||     8
 Stab: Sleeping          |     6 |     6 |    21 ||    33
  Eat: Chunk             |     1 |     9 |    14 ||    24
       Beef jerky        |       |       |     2 ||     2
       Pizza             |       |       |     1 ||     1
